 Dungeon Crawl Stone Soup version 0.30-a0-279-g4b46babb21 (webtiles) character file.

Game seed: 9467583602214561646

15188 hikkokomori the Fighter (level 11, -3/105 HPs)
             Began as a Minotaur Berserker on Oct 17, 2022.
             Was a High Priest of Trog.
             Slain by Rupert
             ... wielding a +0 vorpal great sword
              (16 damage)
             ... while petrified by a basilisk
             ... on level 14 of the Dungeon.
             The game lasted 00:19:47 (10192 turns).

hikkokomori the Fighter (Minotaur Berserker)       Turns: 10192, Time: 00:19:47

Health: -3/105     AC: 16    Str: 29    XL:     11   Next: 98%
Magic:  10/10      EV:  2    Int:  4    God:    Trog [*****.]
Gold:   812        SH:  0    Dex: 15    Spells: 10/10 levels left

rFire   + . .      SeeInvis .    E - +2 war axe (freeze)
rCold   . . .      Faith    .    z - +0 buckler
rNeg    + + +      Spirit   .    M - +1 chain mail of Fashionability {Contam rElec rF+ Dex+2}
rPois   ∞          Reflect  .    (helmet restricted)
rElec   +          Harm     .    F - +1 cloak
rCorr   .          Rampage  .    I - +0 pair of gloves
Will    .....                    (no boots)
Stlth   ..........               q - amulet of regeneration
HPRegen 1.17/turn                m - +6 ring of strength
MPRegen 0.12/turn                K - +4 ring of evasion

@: petrified, on berserk cooldown, slowed
A: horns 2, retaliatory headbutt
a: Renounce Religion, Berserk, Trog's Hand, Brothers in Arms


You were on level 14 of the Dungeon.
You worshipped Trog.
Trog was extremely pleased with you.
You visited 1 branch of the dungeon, and saw 13 of its levels.
You also visited: Sewer.

You collected 844 gold pieces.
You spent 32 gold pieces at shops.

Inventory:

Hand Weapons
 a - a +0 hand axe
 t - a +0 war axe
 x - a +1 flail of protection
 y - a +0 hand axe of electrocution
 E - a +2 war axe of freezing (weapon)
Missiles
 N - 4 silver boomerangs (quivered)
Armour
 b - a +0 animal skin
 e - a +0 leather armour
 z - a +0 buckler (worn)
 F - a +1 cloak (worn)
 I - a +0 pair of gloves (worn)
 J - a +0 chain mail
 M - the +1 chain mail of Fashionability (worn) {Contam rElec rF+ Dex+2}
   (You found it on level 11 of the Dungeon)

   Dex:       It affects your dexterity (+2).
   rF:        It protects you from fire.
   rElec:     It insulates you from electricity.
   Contam:    It causes magical contamination when unequipped.
Jewellery
 m - a +6 ring of strength (left hand)
 n - a ring of protection from cold
 q - an amulet of regeneration (around neck)
 B - a ring of resist corrosion
 K - a +4 ring of evasion (right hand)
Wands
 s - a wand of iceblast (17)
 L - a wand of flame (8)
Scrolls
 d - 3 scrolls of vulnerability
 g - 2 scrolls of poison
 h - 5 scrolls of teleportation
 i - a scroll of immolation
 j - a scroll of amnesia
 k - 3 scrolls of enchant armour
 v - a scroll of fog
 A - a scroll of silence
Potions
 c - 5 potions of attraction
 f - 3 potions of haste
 l - 2 potions of lignification
 o - 3 potions of mutation
 p - 2 potions of curing
 r - 5 potions of brilliance
 u - 3 potions of heal wounds
 w - a potion of magic
 C - a potion of invisibility {unknown}
 D - a potion of cancellation {unknown}
 G - 3 potions of might
 H - 3 potions of resistance


   Skills:
 + Level 12.4 Fighting
 + Level 12.3 Axes
 + Level 10.5 Armour
 + Level 9.6 Dodging
 - Level 8.0 Shields


You had 10 spell levels left.
You didn't know any spells.
Your spell library was empty.

Dungeon Overview and Level Annotations

Branches:
Dungeon (14/15)            Temple (0/1) D:7            Lair (0/5) D:9
    Orc (0/2) D:9           Sewer (visited)
 Vaults: D:13-14

Altars:
Dithmenos
Fedhas
Nemelex Xobeh
Okawaru
Sif Muna
Xom

Shops:
D:12 *

Annotations:
D:8 3 runed translucent doors, pokeman's ghost, novice DEHW
D:10 4 transporters
D:14 Rupert


Innate Abilities, Weirdness & Mutations

You have a pair of horns on your head.
You reflexively headbutt those who attack you in melee.


Message History

Rupert yells loudly at you.
You suddenly lose the ability to move!
You feel very sick.
Rupert hits you with a +0 vorpal great sword!!
* * * LOW HITPOINT WARNING * * *
x2 The basilisk bites you!
* * * LOW HITPOINT WARNING * * *
You are no longer berserk.
You feel yourself slow down.
* * * LOW HITPOINT WARNING * * *
You feel very sick.
Rupert roars madly and goes into a rage!
Rupert goes berserk!
The basilisk bites you but does no damage.
You can move again.
You feel much better.
You feel very sick. Rupert barely misses you. The basilisk gazes at you.
You are slowing down.
Rupert closely misses you.
You are too confused!
Unknown command.
You feel better. Rupert barely misses you. You furiously retaliate!
You headbutt Rupert!
The basilisk bites you but does no damage.
You block Rupert's attack. The basilisk barely misses you.
You block Rupert's attack. You block the basilisk's attack.
Rupert closely misses you. You furiously retaliate!
You headbutt Rupert!
You have turned to stone.
Rupert hits you with a +0 vorpal great sword!!
* * * LOW HITPOINT WARNING * * *
x2 The basilisk bites you.
* * * LOW HITPOINT WARNING * * *
Rupert hits you with a +0 vorpal great sword!
* * * LOW HITPOINT WARNING * * *
x2 The basilisk gazes at you.
Rupert hits you but does no damage.
Rupert hits you with a +0 vorpal great sword!!
You die...

#.# ... #.# ###..
#.## #.....
#..##..# .#
##.#..# .# .
#.#.####.##...#
####...##........#
#<....#..)##..#.##
#.....#@### .#
#.....l)@......y
#...............y
#....#.##.....< #.
#....#.# ......
#......# #.....
#.....## ..... #..
.. .....


You could see Rupert (berserk) and a basilisk.

Vanquished Creatures
  A centaur warrior (D:10)
  3 two-headed ogres
  A deep elf pyromancer (D:12)
  A cyclops (D:11)
  An ugly thing (D:12)
  2 orange demons (D:9)
  3 gargoyles
  A hellwing (D:9)
  2 kobold demonologists (D:11)
  5 trolls
  3 meliai (D:14)
  A hornet (D:8)
  5 slime creatures (D:12)
  A ynoxinul (D:9)
  2 shadows
  2 wraiths
  6 yaks
  A basilisk (D:12)
  A water moccasin (D:8)
  An ice beast (D:4)
  A sky beast (D:4)
  A black bear (D:9)
  7 orc warriors
  3 centaurs
  2 kobold brigands
  9 bullfrogs
  7 scorpions
  2 gnoll sergeants
  3 wights (D:9)
  16 killer bees
  4 electric eels (D:11)
  4 howler monkeys
  4 hounds
  A jelly (D:5)
  A quasit (D:9)
  5 orc priests
  A gnoll bouda (D:10)
  An iguana (D:5)
  8 orc wizards
  17 gnolls
  7 adders
  5 river rats
  A shadow imp (D:7)
  2 white imps
  4 worms
  A dart slug (D:4)
  40 orcs
  3 bats
  8 endoplasms
  3 giant cockroaches
  4 goblins
  4 hobgoblins
  6 jackals
  5 quokkas
  19 ball pythons
  7 frilled lizards
  12 kobolds
  38 rats
309 creatures vanquished.

Vanquished Creatures (others)
  2 demonic plants (D:9)
  6 fungi (D:9)
  6 plants (D:9)
14 creatures vanquished.

Grand Total: 323 creatures vanquished

Notes
Turn   | Place    | Note
-------+----------+-------------------------------------------
     0 | D:1      | hikkokomori the Minotaur Berserker began the quest for the
                  | Orb.
     0 | D:1      | Reached XP level 1. HP: 19/19 MP: 0/0
    60 | D:1      | Found a faded altar of an unknown god.
   327 | D:1      | Reached XP level 2. HP: 27/27 MP: 1/1
   850 | D:2      | Reached XP level 3. HP: 29/33 MP: 2/2
   932 | D:2      | Found a shimmering altar of Xom.
   957 | D:2      | Reached ** piety under Trog
  1731 | D:3      | Reached XP level 4. HP: 23/41 MP: 3/3
  2594 | D:4      | Noticed a scorpion
  2704 | D:4      | Killed a scorpion
  2705 | D:4      | Reached skill level 5 in Fighting
  2705 | D:4      | Reached XP level 5. HP: 48/48 MP: 4/4
  2837 | D:4      | Reached skill level 5 in Axes
  2876 | D:4      | Noticed a sky beast
  2891 | D:4      | Killed a sky beast
  3108 | D:4      | Reached XP level 6. HP: 56/56 MP: 5/5
  3130 | D:4      | Found a glowing drain.
  3135 | Sewer    | Entered a sewer
  3239 | Sewer    | Reached *** piety under Trog
  3522 | Sewer    | Reached XP level 7. HP: 63/63 MP: 6/6
  3961 | D:4      | Reached **** piety under Trog
  4443 | D:5      | Entered Level 5 of the Dungeon
  4609 | D:5      | Reached skill level 5 in Armour
  4683 | D:5      | Reached XP level 8. HP: 73/73 MP: 7/7
  4707 | D:5      | You fall into a shaft and drop 3 floors!
  4779 | D:7      | Reached skill level 5 in Dodging
  4792 | D:7      | Found a staircase to the Ecumenical Temple.
  5522 | D:8      | Reached XP level 9. HP: 74/82 MP: 8/8
  5538 | D:8      | Noticed pokeman's ghost (novice DEHW)
  5540 | D:8      | Noticed an efreet
  5543 | D:8      | Found a runed translucent gate.
  5543 | D:8      | Found a runed translucent gate.
  5543 | D:8      | Found a runed translucent gate.
  5874 | D:8      | Found an iron altar of Okawaru.
  6197 | D:9      | Found a sparkling altar of Nemelex Xobeh.
  6263 | D:9      | Noticed an orange demon
  6264 | D:9      | Noticed an orange demon
  6268 | D:9      | Killed an orange demon
  6269 | D:9      | Reached skill level 1 in Shields
  6271 | D:9      | Killed an orange demon
  6304 | D:9      | Reached ***** piety under Trog
  6450 | D:9      | Reached skill level 10 in Fighting
  6455 | D:9      | Reached skill level 10 in Axes
  6469 | D:9      | Noticed a hellwing
  6568 | D:9      | Killed a hellwing
  6569 | D:9      | Reached XP level 10. HP: 93/93 MP: 9/9
  6928 | D:9      | Found a staircase to the Lair.
  7022 | D:9      | Found a shadowy altar of Dithmenos.
  7022 | D:9      | Found a shimmering blue altar of Sif Muna.
  7051 | D:9      | Found a blossoming altar of Fedhas.
  7226 | D:9      | Found a staircase to the Orcish Mines.
  7288 | D:10     | Entered Level 10 of the Dungeon
  7346 | D:10     | Found a transporter.
  7348 | D:10     | Found a transporter.
  7353 | D:10     | Found a transporter.
  7612 | D:10     | Noticed a centaur warrior
  7621 | D:10     | Killed a centaur warrior
  7622 | D:10     | Reached skill level 5 in Shields
  7681 | D:10     | Found a transporter.
  7681 | D:10     | Identified the +6 short sword of Context {flame, rElec rC+}
  7806 | D:11     | Noticed a cyclops
  7820 | D:11     | Identified the +1 chain mail of Fashionability {Contam
                  | rElec rF+ Dex+2}
  7965 | D:11     | Noticed a two-headed ogre
  7971 | D:11     | Killed a two-headed ogre
  7972 | D:11     | Reached XP level 11. HP: 69/102 MP: 10/10
  8588 | D:12     | Noticed a deep elf pyromancer
  8598 | D:12     | Killed a deep elf pyromancer
  8781 | D:12     | Found Desipre's General Store.
  8787 | D:12     | Bought a scroll of identify for 32 gold pieces
  8860 | D:12     | Noticed a two-headed ogre
  8866 | D:12     | Killed a two-headed ogre
  9121 | D:12     | Reached skill level 10 in Armour
  9250 | D:12     | Noticed a cyan ugly thing
  9261 | D:12     | Noticed a two-headed ogre
  9263 | D:12     | Killed a cyan ugly thing
  9268 | D:12     | Killed a two-headed ogre
  9429 | D:13     | Received a gift from Trog
 10174 | D:14     | Noticed Rupert
 10185 | D:14     | Paralysed by Rupert for 2 turns
 10186 | D:14     | HP: 4/157 [basilisk (7)]
 10187 | D:14     | HP: 1/105 [poisoned by a meliai]
 10192 | D:14     | Slain by Rupert

Illustrated notes

Levels and vault maps discovered:
D:1:      dpeg_arrival_rooms_with_view, layout_basic,
          ebering_ecumenical_altar_box, hex_large
D:2:      layout_basic, basic_altar
D:3:      layout_basic, corexii_leaking_fountain, chequers_serial_rivers_large_a
D:4:      layout_gridville, portal_sewer_entry_e
D:5:      layout_cave_pods, kennysheep_nub
D:7:      layout_loops_ring, minmay_temple_entry_waves, kennysheep_flooded_box,
          nicolae_figureground_sparkle
D:8:      layout_rooms, kennysheep_okawaru_gauntlet, gammafunk_ghost_split,
          minmay_stone_trees_small, kennysheep_generic_room_13
D:9:      layout_small_grid, gammafunk_temple_overflow_pools, fedhas_altar_4,
          mainiacjoe_overflow_catwalk, grunt_lair_entry_orc_guard_hut,
          david_orc_4, serial_demonic, serial_demonic_e, serial_demonic_e,
          serial_demonic_e, serial_demonic_e
D:10:     layout_cave_pools, nicolae_transporter_circle
D:11:     layout_rooms, water_maze_lemuel
D:12:     layout_roguey, serial_corexii_hall, chequers_hall_statues_y,
          corexii_hall_statues_x, serial_shops, nicolae_shop_hallway_plus
D:13:     layout_loops_ring, fountainhead
D:14:     layout_rooms, erik_vaults_1, nicolae_ru_awakened_eye,
          dreamdust_princess_corridor, uniq_rupert

Skill      XL: |  1  2  3  4  5  6  7  8  9 10 11 |
---------------+----------------------------------+-----
Fighting       | 4 5 6 7 8 10 11 12 | 12.4
Axes           | 4 5 6 7 8 10 11 12 | 12.3
Armour         | 3 4 5 6 7 9 10 | 10.5
Dodging        | 3 4 5 6 8 9 |  9.6
Shields        | 3 6 8 |  8.0

Action                   |  1- 3 |  4- 6 |  7- 9 | 10-12 || total
-------------------------+-------+-------+-------+-------++-------
Melee: Hand axe          |    85 |   124 |    29 |       ||   238
       Headbutt          |    13 |    17 |    25 |    47 ||   102
       Punch             |     1 |     1 |     1 |     3 ||     6
       War axe           |       |       |   160 |   226 ||   386
Invok: Berserk           |       |     4 |     5 |     8 ||    17
       Trog's Hand       |       |       |     1 |       ||     1
Evoke: Wand              |       |       |       |     1 ||     1
  Use: Scroll            |     1 |     2 |     8 |    13 ||    24
       Potion            |       |     1 |     1 |     6 ||     8
 Stab: Sleeping          |     1 |     1 |       |       ||     2
Armor: Animal skin       |     9 |     5 |       |       ||    14
       Leather armour    |       |    26 |    35 |    19 ||    80
       Chain mail        |       |       |       |    83 ||    83
Dodge: Dodged            |    40 |    68 |   176 |   258 ||   542
Block: Buckler           |       |       |       |     6 ||     6

Table legend: (Time is in decaauts)
 A = Elapsed time spent in this place.
 B = Non-inter-level travel time spent in this place.
 C = Inter-level travel time spent in this place.
 D = Time resting spent in this place.
 E = Time spent auto-exploring this place.
 F = Levels seen in this place.
 G = Mean time per level.
                   A        B        C        D        E       F      G
               +--------+--------+--------+--------+--------+-----+--------+
         Total |  10376 |   9999 |    377 |    897 |   7214 |  14 |  741.1 |
       Dungeon |   9846 |   9469 |    377 |    782 |   6990 |  13 |  757.4 |
         Sewer |    530 |    530 |      0 |    115 |    223 |   1 |  530.0 |
               +--------+--------+--------+--------+--------+-----+--------+

Top non-repeatable levels by time:
     D:4: 1303 daAuts
     D:3: 1184 daAuts
     D:9: 1090 daAuts
    D:12: 843 daAuts
    D:13: 806 daAuts
     D:8: 792 daAuts
     D:1: 791 daAuts
     D:2: 747 daAuts
     D:7: 740 daAuts
    D:11: 686 daAuts
    D:10: 549 daAuts
   Sewer: 530 daAuts
     D:5: 266 daAuts
    D:14: 42 daAuts
